 Dungeon Crawl Stone Soup version 0.20.0-15-g7f486f2 (webtiles) character file.

59 renl the Caller (level 3, 0/25 HPs)
             Began as a Vampire Summoner on June 24, 2017.
             Slain by jujuben's ghost (11 damage)
             ... on level 3 of the Dungeon.
             The game lasted 00:21:03 (3441 turns).

renl the Caller (Vampire Summoner)                  Turns: 3441, Time: 00:21:04

Health: 0/25       AC:  5    Str:  7    XL:     3   Next: 78%
Magic:  0/6        EV: 12    Int: 18    God:
Gold:   145        SH:  0    Dex: 14    Spells: 0/6 levels left

rFire    + . .     SeeInvis +   i - +2 quarterstaff (chaos)
rCold    + . .     Gourm    .   (shield currently unavailable)
rNeg     + + .     Faith    +   k - +2 robe {rF+}
rPois    +         Spirit   .   (no helmet)
rElec    .         Reflect  .   j - +0 cloak
rCorr    .         Harm     .   (no gloves)
MR       .....                  (no boots)
Stlth    +++.......             f - amulet of faith
Regen    0.1/turn               (no ring)
MPRegen  0.1/turn               (no ring)

@: regenerating slowly
A: fangs 3, see invisible, unbreathing
a: Bat Form


You were on level 3 of the Dungeon.
You were very thirsty.

You visited 1 branch of the dungeon, and saw 3 of its levels.

You collected 145 gold pieces.

Inventory:

Hand Weapons
 i - a +2 quarterstaff of chaos (weapon)
Armour
 j - a +0 cloak (worn)
 k - a +2 robe of fire resistance (worn)
Jewellery
 f - an amulet of faith (around neck)
Scrolls
 d - 5 scrolls of teleportation {unknown}
 e - a scroll of remove curse {unknown}
 h - a scroll of enchant armour {unknown}
Potions
 c - 14 potions of blood
 g - 2 potions of lignification {unknown}
Books
 b - a book of Callings

   Spells                             Type                      Level
   a - Summon Small Mammal            Summoning                    1
   b - Call Imp                       Summoning                    2
   c - Call Canine Familiar           Summoning                    3
   d - Summon Guardian Golem          Hexes/Summoning              3
   e - Summon Lightning Spire         Summoning/Air                4
   f - Summon Ice Beast               Ice/Summoning                4


   Skills:
 + Level 0.3 Fighting
 + Level 2.2 Dodging
 + Level 3.2 Stealth
 + Level 2.2 Spellcasting
 * Level 5.1 Summonings


You couldn't memorise any spells.
You knew the following spells:

 Your Spells              Type           Power        Failure   Level  Hunger
a - Call Imp              Summ           ###.....     3%          2    ##.....
b - Summon Guardian Gole  Hex/Summ       ##......     19%         3    ###....
c - Summon Small Mammal   Summ           ###.         1%          1    #......


Dungeon Overview and Level Annotations

Branches:
Dungeon (3/15)

Altars:
Fedhas

Annotations:
D:3 Sigmund; jujuben's ghost, amateur DDFi


Innate Abilities, Weirdness & Mutations

You heal slowly.
You have razor-sharp teeth.
You have supernaturally acute eyesight. (SInv)
You can survive without breathing.


Message History

Your crimson imp blinks!
Jujuben's ghost turns its malevolent gaze towards you.
Jujuben's ghost is too close now for your liking.
Casting: Call Imp
Confirm with . or Enter, or press ? or * to list all spells.
A beastly little devil appears in a puff of frigid air.
Casting: Call Imp
Confirm with . or Enter, or press ? or * to list all spells.
A beastly little devil appears in a puff of flame.
Your crimson imp says, "I give in to your fealty, my illustrious and greatest ruler!"
Casting: Call Imp
Confirm with . or Enter, or press ? or * to list all spells.
A beastly little devil appears in a puff of flame.
Your crimson imp says, "I'm here!"
Jujuben's ghost says, "I'll split you in two!"
Your crimson imp closely misses jujuben's ghost.
Your crimson imp blinks!
Your crimson imp blinks!
Jujuben's ghost hits you!
You die...

...@.#.#### #..# #.##
#.#. @#.###.# ##..# #.#
#.#. ##.# #.######..# #.#
#.#. ##.# #........# #.#
#.#. #.# #####....# ##.#
#.[. #.# #.#..#
##..#######..# #.#
#.#..## ###............(
#.#
#.#...###5..#######...##
..#.#..@....# ##..##
.##....W5.########..## .#
#..###......#..ยง..# # #
#..##<.###5...###.####
#.#...#......####.#5..
####.#.##..####..##....##
#.!....##.## ##.....###
#.>#...###.# #####.#
.....#. .# #.#


You could see jujuben's ghost, 2 friendly crimson imps and a friendly white imp.

Vanquished Creatures
  2 orcs (D:3)
  A bat (D:2)
  3 rats (D:1)
6 creatures vanquished.

Vanquished Creatures (collateral kills)
  Crazy Yiuf (D:2)
  An adder (D:2)
  A worm (D:2)
  3 dart slugs
  2 orcs (D:3)
  4 bats
  A giant cockroach (D:2)
  5 hobgoblins
  8 jackals
  2 kobolds
  A quokka (D:2)
  A ball python (D:3)
  3 frilled lizards
  5 goblins
  7 rats
45 creatures vanquished.

Grand Total: 51 creatures vanquished

Notes
Turn   | Place    | Note
-------+----------+-------------------------------------------
     0 | D:1      | renl the Vampire Summoner began the quest for the Orb.
     0 | D:1      | Reached XP level 1. HP: 13/13 MP: 3/3
   876 | D:1      | Reached XP level 2. HP: 17/19 MP: 1/5
   886 | D:1      | Learned a level 2 spell: Call Imp
  1773 | D:2      | Found a faded altar of an unknown god.
  1819 | D:2      | Found a blossoming altar of Fedhas.
  1936 | D:2      | Found a runed door.
  2260 | D:2      | Noticed Crazy Yiuf
  2294 | D:2      | Killed Crazy Yiuf
  2294 | D:2      | Reached XP level 3. HP: 24/25 MP: 1/6
  2469 | D:2      | Learned a level 3 spell: Summon Guardian Golem
  2762 | D:2      | Reached skill level 5 in Summonings
  3053 | D:3      | Noticed Sigmund
  3327 | D:3      | Noticed jujuben's ghost (amateur DDFi)
  3441 | D:3      | Slain by jujuben's ghost

Skill      XL: |  1  2  3 |
---------------+----------+-----
Summonings     | 5 |  5.1
Fighting       | |  0.3
Dodging        | |  2.2
Stealth        | |  3.2
Spellcasting   | |  2.2

Action                   || total
-------------------------++-------
Melee: Unarmed           ||    38
       Bite              ||     7
       Quarterstaff      ||     5
 Cast: Summon Small Mamm ||    25
       Call Imp          ||    47
       Summon Guardian G ||     1
  Use: Potion            ||     2
 Stab: Sleeping          ||     1
  Eat: Corpse            ||     1
Armor: Robe              ||    15
Dodge: Dodged            ||    32
